 Dungeon Crawl Stone Soup version 0.17-a0-1718-g72dbe4d (webtiles) character file.

670759 Leibowitz the Merfolkian Porcupine (level 27, -2/249 HPs)
             Began as a Merfolk Gladiator on Aug 24, 2015.
             Was a High Priest of Okawaru.
             Slain by a vampire knight
             ... wielding a +0 great sword
              (9 damage)
             ... on level 14 of a ziggurat on Aug 25, 2015.
             The game lasted 08:59:54 (83648 turns).

Leibowitz the Merfolkian Porcupine (MfGl)          Turns: 83648, Time: 08:59:54

Health: -2/249     AC: 33    Str: 28    XL:     27
Magic:  0/28       EV: 45    Int:  8    God:    Okawaru [*****.]
Gold:   8028       SH:  0    Dex: 44    Spells: 1 memorised, 27 levels left

rFire  + . .     SeeInvis .     a - +9 bardiche "Zarat" {freeze, Dex+6}
rCold  + + .     Clarity  .     x - +9 steam dragon armour of the Spheres {rElec rN+ Dex+4}
rNeg   + + +     SustAt   .     (no shield)
rPois  +         Gourm    .     B - +0 hat {MR+}
rElec  +         Spirit   +     p - +0 cloak {MR+}
rCorr  .         Warding  .     G - +3 pair of gauntlets of War {Slay+5}
rMut   .         Stasis   .     s - +0 pair of boots of Free Will {rC+ Str+3 Dex+4}
MR     +++++                    F - amulet of guardian spirit
Stlth  +++++++++.               J - ring "Zekkaik" {rF+ rN+ MR+ Stlth+}
                                c - ring "Yklav" {rPois rC+ rN+ MR+ Dex+6}

@: mighty, exhausted, heroism, flayed, very slightly contaminated, hasted and
slowed, almost entirely resistant to hostile enchantments, incredibly stealthy
A: change form in water, swift swim, claws 1, iridescent scales 1, agile 1, wild
magic 2
a: Heroism, Finesse, Renounce Religion
}: 4/15 runes: barnacled, slimy, silver, gossamer


You were on level 14 of a ziggurat.
You worshipped Okawaru.
Okawaru was extremely pleased with you.
You were not hungry.

You visited 13 branches of the dungeon, and saw 61 of its levels.
You visited 1 ziggurat, and saw 14 of its levels.
You also visited: Sewer, Ice Cave and Volcano.

You collected 9103 gold pieces.
You spent 1075 gold pieces at shops.

Inventory:

Hand weapons
 a - the +9 bardiche "Zarat" (weapon) {freeze, Dex+6}
   (Okawaru gifted it to you on level 1 of the Elven Halls)

   It has been specially enchanted to freeze those struck by it, causing extra
   injury to most foes and up to half again as much damage against particularly
   susceptible opponents.
   It can also slow down cold-blooded creatures.
   It affects your dexterity (+6).
 y - the +4 demon trident of Attainder {drain, rN+ Stlth+}
   (You found it on level 10 of a ziggurat)

   A truly terrible weapon, it drains the life of those it strikes.
   It protects you from negative energy.
   It makes you more stealthy.
 C - the +11 trident of the Onslaught {venom, *Confuse rPois rF+}
   (You found it on level 11 of a ziggurat)

   It poisons the flesh of those it strikes.
   It protects you from fire.
   It protects you from poison.
   It may confuse you when you take damage.
 V - the +9 glaive of the Twelve Wishes {pain, +Rage rC- rN+}
   (Okawaru gifted it to you on level 1 of the Vaults)

   In the hands of one skilled in necromantic magic, it inflicts extra damage on
   living creatures.
   It makes you vulnerable to cold.
   It protects you from negative energy.
   It lets you go berserk.
Armour
 p - a +0 cloak of magic resistance (worn)
 s - the +0 pair of boots of Free Will (worn) {rC+ Str+3 Dex+4}
   (Okawaru gifted it to you on level 3 of the Spider Nest)

   It affects your strength (+3).
   It affects your dexterity (+4).
   It protects you from cold.
 x - the +9 steam dragon armour of the Spheres (worn) {rElec rN+ Dex+4}
   (Okawaru gifted it to you on level 3 of the Crypt)

   It affects your dexterity (+4).
   It insulates you from electricity.
   It protects you from negative energy.
 B - a +0 hat of magic resistance (worn)
 G - the +3 pair of gauntlets of War (worn) {Slay+5}
   (You found it on level 13 of a ziggurat)

   It affects your accuracy and damage with ranged weapons and melee attacks
   (+5).
 L - the +0 pair of gloves "Namuv Xyaxom" {*Corrode Dex+3 Slay+2 Stlth+}
   (You found it on level 5 of the Vaults)

   It affects your dexterity (+3).
   It affects your accuracy and damage with ranged weapons and melee attacks
   (+2).
   It may corrode your equipment when you take damage.
   It makes you more stealthy.
Jewellery
 b - the ring "Ciucyar" {SustAt rPois Int+2}
   (You found it on level 3 of the Elven Halls)

   [ring of sustain attributes]

   It sustains your strength, intelligence and dexterity.
   It affects your intelligence (+2).
   It protects you from poison.
 c - the ring "Yklav" (left hand) {rPois rC+ rN+ MR+ Dex+6}
   (You bought it in a shop on level 4 of the Vaults)

   [ring of protection from magic]

   It affects your dexterity (+6).
   It protects you from cold.
   It protects you from poison.
   It protects you from negative energy.
   It affects your resistance to hostile enchantments.
 d - the ring "Cioz" {MP-9 Int+3 Dex+8 SInv Stlth+}
   (You found it on level 6 of the Pits of Slime)

   [ring of see invisible]

   It affects your intelligence (+3).
   It affects your dexterity (+8).
   It affects your magic capacity (-9).
   It lets you see invisible.
   It makes you more stealthy.
 j - an uncursed amulet of stasis
 u - an uncursed amulet of resist mutation
 E - the ring of Votiria {Fire rN+ Int+3}
   (You found it on level 13 of a ziggurat)

   [ring of fire]

   It enhances your fire magic, and weakens your ice magic.
   It affects your intelligence (+3).
   It protects you from fire.
   It makes you vulnerable to cold.
   It protects you from negative energy.
 F - an amulet of guardian spirit (around neck)
 J - the ring "Zekkaik" (right hand) {rF+ rN+ MR+ Stlth+}
   (You found it on level 5 of the Vaults)

   [ring of stealth]

   It protects you from fire.
   It protects you from negative energy.
   It affects your resistance to hostile enchantments.
   It makes you more stealthy.
Magical devices
 I - a wand of invisibility (3)
 K - a wand of disintegration (11)
 M - a wand of teleportation (2)
 N - a wand of heal wounds (3)
Scrolls
 e - 12 scrolls of identify
 f - 4 scrolls of enchant weapon
 g - 6 scrolls of fog
 h - 21 scrolls of remove curse
 k - a scroll of magic mapping
 o - 5 scrolls of holy word
 H - 11 scrolls of recharging
 Z - 11 scrolls of teleportation
Potions
 i - 6 potions of haste
 n - 8 potions of lignification
 q - 10 potions of agility
 r - 3 potions of cure mutation
 t - a potion of invisibility
 v - 11 potions of flight
 w - 4 potions of berserk rage
 z - 5 potions of might
 A - 8 potions of curing
 D - 7 potions of ambrosia
 R - 4 potions of resistance
 U - 4 potions of cancellation
Comestibles
 S - 33 bread rations


   Skills:
 O Level 27 Fighting
   Level 1.0(6.0) Long Blades
 O Level 27 Polearms
 - Level 3.0(8.0) Throwing
 * Level 19.9(24.9) Armour
 O Level 27 Dodging
 - Level 15.2(20.2) Stealth
 - Level 1.3 Spellcasting
 - Level 1.1 Conjurations
 - Level 2.0 Poison Magic
 - Level 6.0 Invocations
 - Level 7.1 Evocations


You had 27 spell levels left.
You knew the following spells:

 Your Spells              Type           Power        Failure   Level  Hunger
a - Sting                 Conj/Pois      #...         54%         1    ##.....


Dungeon Overview and Level Annotations

Branches:
Dungeon (15/15)            Temple (1/1) D:7            Lair (8/8) D:10
 Shoals (4/4) Lair:5       Spider (4/4) Lair:3        Slime (6/6) Lair:6
    Orc (4/4) D:10            Elf (3/3) Orc:3        Vaults (5/5) D:14
  Crypt (3/3) Vaults:3       Tomb (2/3) Crypt:3      Depths (5/5) D:15
    Zot (1/5) Depths:5

Altars:
Ashenzari
Cheibriados
Dithmenos
Elyvilon
Fedhas
Gozag
Kikubaaqudgha
Makhleb
Nemelex Xobeh
Okawaru
Qazlal
Ru
Sif Muna
Trog
Vehumet
Xom
Yredelemnul
Zin
The Shining One
Beogh
Jiyva

Shops:
D:14 (   D:15 (   Orc:1 (   Orc:3 %(%   Orc:4 *!?[   Elf:2 =   Shoals:4 [
Vaults:4 *   Depths:4 !

Portals:
Hell: Depths:1 Depths:2 Depths:3 Depths:4 Depths:5
Abyss: Depths:1 Depths:3 Depths:4
Pandemonium: Depths:3

Annotations:
D:5 trantor's ghost, experienced HEWr
Elf:2 2 runed doors


Innate Abilities, Weirdness & Mutations

You revert to your normal form in water.
You are very nimble and swift while swimming.
You have sharp fingernails.
You are partially covered in iridescent scales (AC +4).
You are agile. (Dex +2)
Your spells are harder to cast, but more powerful.


Message History

You slice the phantasmal warrior!! You freeze the phantasmal warrior.
The phantasmal warrior is heavily damaged.
You are engulfed in spectral mist.
The revenant conjures spectral mists around you.
The spectral mist engulfs you!
The death knight is engulfed in spectral mist.
The eidolon barely misses you.
The eidolon hits you but does no damage.
The lich points at you and mumbles some strange words.
The crystal spear hits you!
* * * LOW HITPOINT WARNING * * *
You chop the phantasmal warrior into pieces!!!
You destroy the phantasmal warrior!
You are engulfed in spectral mist.
* * * LOW HITPOINT WARNING * * *
You are no longer berserk.
You are exhausted.
You feel yourself slow down. Something completely misses you.
Something bites you!
You die...

V%......................
:[......................
::.....................∩
:!......................
|)......................
....... #e....##........
....ZpW##2W...##........
....Zze2{{z.............
▓▓▓▓▓▓§@LW{W.....▓▓▓▓▓▓▓
▓WLWWW......▓
▓WWWp.......▓
▓§§Z........▓
▓.§§........▓
▓▓▓▓▓▓▓▓▓▓▓▓▓


You could see a revenant, 2 death knights, a lich, 2 reapers, 2 eidola, 2
ancient champions, 2 deep elf death magi, a flayed ghost, a phantasmal warrior,
2 freezing wraiths, a spectral golden dragon, 5 wraiths, an iron dragon
simulacrum and a shadow dragon zombie.

Vanquished Creatures
  the royal jelly (Slime:6)
  Khufu (Tomb:1)
  4 ancient liches
  Mara (Vaults:2)
  8 greater mummies
  Sojobo (Depths:3)
  Frederick (Tomb:2)
  Norris (Spider:2)
  A curse toe (Zig:12)
  A caustic shrike (Depths:4)
  3 Killer Klowns (Zig:10)
  A caustic shrike (shapeshifter) (Depths:3)
  Nikola (Spider:2)
  Xtahua (Vaults:4)
  A bone dragon (Crypt:3)
  A profane servitor (Zig:14)
  Arachne (Spider:2)
  Jorgrun (Shoals:2)
  Rupert (Lair:7)
  A tentacled monstrosity (Vaults:5)
  4 liches
  An Ice Fiend (IceCv)
  6 deep elf blademasters
  3 deep elf master archers
  3 quicksilver dragons
  5 titans
  7 sphinxes
  3 Shadow Fiends (Zig:12)
  24 acid blobs
  3 ancient champions
  2 octopode crushers
  Agnes (Spider:3)
  8 shadow dragons
  8 azure jellies
  3 storm dragons
  5 revenants
  6 tengu reavers
  2 azure jellies (shapeshifter) (Zig:10)
  Ilsuiw (Shoals:4)
  A fire giant (shapeshifter) (Depths:3)
  Wiglaf (Vaults:4)
  A greater naga (Zig:4)
  6 fire giants
  Donald (Spider:2)
  5 deep elf sorcerers
  A balrug (Depths:4)
  8 frost giants
  3 iron dragons
  2 orc warlords
  7 ghost moths
  4 emperor scorpions
  3 curse skulls
  6 war gargoyles
  20 vault wardens
  2 ghouls (Crypt:3)
  A draconian shifter (Depths:5)
  3 spriggan defenders
  5 reapers
  9 very ugly things
  20 ironheart preservers
  The ghost of chimenez the Cleaver, a powerful GrFi of Ru (Shoals:3)
  A draconian caller (Depths:5)
  A black draconian (Depths:5)
  6 deep elf demonologists
  10 vampire knights
  14 stone giants
  Nessos (D:13)
  14 deep elf annihilators
  A chaos champion (Zig:10)
  A mottled draconian (Depths:5)
  Azrael (Orc:4)
  A yellow draconian (Depths:5)
  A white draconian (Depths:5)
  A salamander stormcaller (Vaults:3)
  2 purple draconians (Depths:5)
  3 merfolk javelineers (Shoals:4)
  2 eidola (Crypt:3)
  15 ettins
  A crystal guardian (Vaults:2)
  15 great orbs of eyes
  28 vault guards
  9 deep elf death magi
  7 death oozes (Slime:6)
  15 fire dragons
  9 merfolk impalers
  9 mummy priests
  24 yaktaur captains
  The ghost of max the Cleaver, a powerful MiBe of Trog (Orc:4)
  8 entropy weavers
  10 rakshasas
  8 deep elf high priests
  11 jiangshi
  Fannar (D:11)
  5 ice dragons
  12 hydras
  Harold (Lair:1)
  A naga warrior (Zig:4)
  The ghost of runewalsh the Martial Artist, a powerful OpTm of Makhleb (D:13)
  3 merfolk avatars (Shoals:3)
  A ghost crab (Zig:9)
  A ghost crab (shapeshifter) (Elf:2)
  21 ogre magi
  A catoblepas (Lair:8)
  7 spriggan air magi
  Erica (Lair:1)
  The ghost of Monkaria the Unseen, a powerful FeBe of Trog (Lair:7)
  Erolcha (D:8)
  11 centaur warriors
  An anaconda (shapeshifter) (Vaults:5)
  An alligator snapping turtle (Shoals:4)
  20 dancing weapons
  4 death yaks (Lair:8)
  A large abomination (Elf:2)
  11 deep troll shamans
  3 satyrs
  2 death knights (Crypt:3)
  6 merfolk aquamancers
  4 tengu warriors
  8 spriggan berserkers
  A queen ant (Spider:4)
  12 deep troll earth magi
  A queen ant (shapeshifter) (Depths:5)
  10 vampire magi
  A small abomination (Elf:3)
  An orc high priest (Elf:3)
  3 titan zombies
  A naga sharpshooter (Zig:4)
  A soul eater (Crypt:3)
  6 ice devils
  A sun demon (Depths:4)
  Nergalle (Lair:1)
  A fire crab (shapeshifter) (Vaults:5)
  2 titan skeletons
  3 iron trolls
  5 hell knights
  An anaconda zombie (Crypt:3)
  An iron troll (shapeshifter) (Zig:10)
  18 death scarabs
  30 deep trolls
  4 shadow wraiths
  7 flayed ghosts
  A salamander mystic (Depths:3)
  4 unseen horrors
  21 deep elf knights
  24 skeletal warriors
  A swamp dragon (shapeshifter) (Depths:4)
  2 swamp dragons
  21 harpies
  A death drake (Zig:6)
  A shadow demon (Zig:12)
  2 giant orange brains
  12 ironbrand convokers
  A shambling mangrove (Zig:9)
  A naga ritualist (Zig:4)
  An ice statue (IceCv)
  12 sea snakes
  An obsidian statue (Zig:10)
  19 orc knights
  2 shadow dragon zombies (Crypt:3)
  5 anubis guards
  9 hill giants
  An anubis guard (shapeshifter) (Vaults:5)
  12 phantasmal warriors
  8 deep elf summoners
  A golden dragon skeleton (Tomb:1)
  11 necromancers
  An orb spider (shapeshifter) (Vaults:2)
  2 mana vipers (Depths:3)
  2 wizards
  26 ugly things
  5 orc sorcerers
  23 orb spiders
  A wolf spider zombie (Tomb:1)
  7 shining eyes
  14 fauns
  4 oklob plants (Zig:9)
  A shadow dragon skeleton (Zig:12)
  A stone giant zombie (Zig:7)
  A fire giant zombie (Zig:12)
  18 deep elf conjurers
  A salamander (shapeshifter) (Vaults:1)
  36 wolf spiders
  11 hornets
  2 frost giant zombies (Crypt:3)
  An octopode (shapeshifter) (Elf:1)
  A shining eye (shapeshifter) (Depths:1)
  15 griffons
  4 moths of wrath
  6 cyclopes
  An iron dragon skeleton (Crypt:3)
  A stone giant skeleton (Vaults:2)
  4 elephants (Lair:8)
  A frost giant skeleton (Crypt:3)
  10 water nymphs
  Maurice (D:9)
  A shock serpent zombie (Crypt:3)
  8 manticores
  A spriggan zombie (Zig:7)
  4 black mambas
  8 fire giant skeletons (Crypt:3)
  3 naga magi (Depths:3)
  12 sirens
  4 human skeletons
  A dire elephant zombie (Crypt:3)
  A spiny frog (shapeshifter) (Depths:1)
  A torpor snail (shapeshifter) (Depths:3)
  5 kobold demonologists
  2 torpor snails
  108 yaktaurs
  9 eyes of devastation
  5 anaconda simulacra
  9 spiny frogs
  12 vault sentinels
  5 gargoyles
  5 centaur skeletons
  A dire elephant skeleton (Tomb:2)
  A sea snake zombie (Crypt:2)
  A golden dragon simulacrum (Depths:2)
  3 komodo dragons
  11 deep elf priests
  A tengu conjurer (Depths:1)
  A tormentor (Zig:7)
  12 demonic crawlers
  2 giant leeches (shapeshifter) (Depths:3)
  A yaktaur skeleton (Vaults:2)
  9 polar bears
  2 fire drakes (shapeshifter)
  33 jumping spiders
  2 minotaur zombies
  A wolf spider simulacrum (Vaults:1)
  2 red devils
  A two-headed ogre (shapeshifter) (Depths:2)
  A troll (shapeshifter) (Vaults:3)
  17 trolls
  A wind drake (shapeshifter) (Depths:3)
  28 guardian mummies
  17 merfolk
  3 spriggan druids
  2 fire drakes
  A giant leech (Zig:9)
  4 wind drakes
  3 blue devils (IceCv)
  4 bog bodies
  16 freezing wraiths
  196 slime creatures
  34 two-headed ogres
  28 blink frogs
  An ettin zombie (Crypt:3)
  A blink frog (shapeshifter) (Depths:2)
  2 hydra skeletons (Crypt:3)
  10 ushabtiu
  A sphinx simulacrum (Depths:2)
  8 boulder beetles
  A tarantella (shapeshifter) (Vaults:5)
  3 air elementals (Depths:4)
  80 redbacks
  A wyvern (shapeshifter) (Vaults:1)
  36 deep elf magi
  An ice dragon skeleton (Vaults:1)
  8 water elementals
  15 spriggans
  6 shadows
  40 tarantellas
  8 fire dragon skeletons (Crypt:3)
  10 vampires
  8 flying skulls
  44 deep elf fighters
  10 snapping turtles
  25 trapdoor spiders
  A centaur simulacrum (D:15)
  A dire elephant simulacrum (IceCv)
  3 wyverns
  6 basilisks
  2 chaos spawn
  A golden eye (shapeshifter) (D:13)
  4 golden eyes
  13 wraiths
  101 yaks
  2 fire elementals
  3 hungry ghosts
  8 vampire mosquitoes
  A steam dragon (D:9)
  A wind drake skeleton (Crypt:2)
  10 hippogriffs
  4 mottled dragons
  A hippogriff (shapeshifter) (Vaults:4)
  A human (shapeshifter) (Vaults:4)
  23 wargs
  Edmund (D:4)
  7 soldier ants
  An insubstantial wisp (Depths:3)
  5 hell hounds
  A torturous demonspawn skeleton (Crypt:2)
  24 water moccasins
  6 iron troll simulacra (IceCv)
  7 porcupines
  A water nymph skeleton (Crypt:1)
  25 wolves
  A spiny frog zombie (Crypt:3)
  3 harpy simulacra (IceCv)
  2 ice beasts (shapeshifter)
  A swamp drake (Zig:6)
  A monstrous demonspawn skeleton (Crypt:1)
  Purgy (Sewer)
  4 black bears (Lair:8)
  4 hydra simulacra (IceCv)
  13 wasps
  2 spiny frog skeletons
  23 spiders
  13 eyes of draining
  43 orc warriors
  7 ice beasts
  A necrophage (D:9)
  2 sky beasts
  21 boggarts
  An eye of draining (shapeshifter) (D:15)
  5 human zombies
  2 ettin simulacra
  A manticore zombie (Crypt:1)
  A snapping turtle skeleton (Crypt:1)
  23 crocodiles
  A phantom (D:8)
  2 tengu (shapeshifter)
  An elf simulacrum (Depths:3)
  A manticore skeleton (Crypt:1)
  A lindwurm skeleton (Crypt:2)
  37 centaurs
  85 ogres
  16 giant frogs
  2 brain worms
  A komodo dragon zombie (Crypt:2)
  2 big kobolds
  A yaktaur zombie (Vaults:1)
  2 wyvern zombies
  13 killer bees
  A wyvern skeleton (D:14)
  A human simulacrum (Vaults:2)
  3 scorpions
  A swamp dragon simulacrum (IceCv)
  4 electric eels
  A troll skeleton (Crypt:1)
  A yaktaur simulacrum (Vaults:1)
  5 crimson imps
  2 draconian simulacra (IceCv)
  8 wights
  7 hounds
  2 giant frog zombies
  4 iron imps (Zig:7)
  A giant frog skeleton (D:9)
  23 orc priests
  5 centaur zombies
  A gnoll shaman (D:7)
  A jelly (shapeshifter) (D:15)
  39 jellies
  Jessica (D:3)
  36 worker ants
  13 iguanas
  2 spriggan simulacra (IceCv)
  31 orc wizards
  5 troll simulacra (IceCv)
  A boulder beetle simulacrum (Vaults:2)
  20 sheep
  An ogre zombie (Tomb:1)
  A tengu skeleton (Crypt:3)
  53 mummies
  17 gnolls
  16 adders
  A naga simulacrum (IceCv)
  36 river rats
  2 ogre simulacra (IceCv)
  6 shadow imps
  11 white imps
  An ooze (D:2)
  4 ufetubi (IceCv)
  5 worms
  An adder skeleton (D:4)
  2 lava snake skeletons
  A worm (shapeshifter) (Depths:3)
  8 giant geckos
  202 orcs
  5 ball pythons
  8 goblins
  6 hobgoblins
  6 jackals
  12 kobolds
  4 quokkas
  8 bats
  11 giant cockroaches
  9 giant newts
  A quokka skeleton (D:4)
  5 rats
  2 butterflies (D:7)
  A crawling corpse (Elf:2)
  A lost soul (Crypt:3)
  A plant (Shoals:2)
3316 creatures vanquished.

Vanquished Creatures (others)
  A pandemonium lord (Zig:10)
  2 liches
  A sphinx (Tomb:1)
  A revenant (Tomb:2)
  A vault warden (Vaults:5)
  A deep elf demonologist (Zig:11)
  A deep elf annihilator (Zig:11)
  2 deep elf death magi
  A deep elf high priest (Elf:2)
  An alligator (Zig:9)
  A soul eater (Zig:14)
  5 deep elf knights
  An unseen horror (Depths:3)
  2 deep elf summoners
  An ugly thing (Zig:9)
  A deep elf conjurer (Zig:11)
  3 yaktaurs
  A spiny frog (Zig:9)
  A guardian mummy (Tomb:2)
  A giant leech (Zig:9)
  A wind drake (shapeshifter) (D:13)
  A tarantella (Spider:4)
  A redback (Spider:3)
  A water elemental (Shoals:4)
  2 deep elf fighters
  A black mamba skeleton (Tomb:2)
  7 deep elf magi
  3 swamp drakes
  2 boggarts
  2 ogres
  An orc priest (Elf:3)
  2 mummies (Tomb:2)
  An orc (D:8)
  14 fungi
  3 lost souls
  25 plants
96 creatures vanquished.

Grand Total: 3412 creatures vanquished

Notes
Turn   | Place    | Note
--------------------------------------------------------------
     0 | D:1      | Leibowitz the Merfolk Gladiator began the quest for the Orb.
     0 | D:1      | Reached XP level 1. HP: 16/16 MP: 1/1
    92 | D:1      | Reached XP level 2. HP: 22/22 MP: 2/2
   335 | D:1      | Reached skill level 5 in Polearms
   358 | D:1      | Reached XP level 3. HP: 20/27 MP: 3/3
   472 | D:1      | Reached skill level 5 in Dodging
  1044 | D:2      | Reached XP level 4. HP: 25/34 MP: 4/4
  1179 | D:2      | Found a shattered altar of Ashenzari.
  1467 | D:2      | Found a bloodstained altar of Trog.
  1507 | D:2      | Found an ancient bone altar of Kikubaaqudgha.
  1767 | D:2      | Reached XP level 5. HP: 39/39 MP: 5/5
  1868 | D:3      | Found a faded altar to an unknown god.
  1913 | D:3      | Found a burning altar of Makhleb.
  2028 | D:3      | Found a glowing drain.
  2056 | Sewer    | Entered a sewer
  2093 | Sewer    | Noticed Purgy
  2151 | Sewer    | Killed Purgy
  2151 | Sewer    | Reached skill level 6 in Polearms
  2151 | Sewer    | Reached skill level 1 in Stealth
  2151 | Sewer    | Reached XP level 6. HP: 14/47 MP: 6/6
  2386 | Sewer    | Reached skill level 1 in Armour
  2557 | D:3      | Noticed Jessica
  2564 | D:3      | Killed Jessica
  2823 | D:3      | Found a glowing golden altar of the Shining One.
  2946 | D:3      | Noticed an orc warrior
  2986 | D:3      | Killed an orc warrior
  2986 | D:3      | Reached skill level 7 in Polearms
  3262 | D:4      | Reached XP level 7. HP: 22/52 MP: 7/7
  3280 | D:4      | Found an opulent altar of Gozag.
  4044 | D:4      | Found a sparkling altar of Nemelex Xobeh.
  4047 | D:4      | Found a shadowy altar of Dithmenos.
  4050 | D:4      | Found a white marble altar of Elyvilon.
  4060 | D:4      | Noticed Edmund
  4110 | D:4      | Killed Edmund
  4373 | D:4      | Reached skill level 8 in Dodging
  4429 | D:4      | Found a shimmering altar of Xom.
  4758 | D:5      | Entered Level 5 of the Dungeon
  5363 | D:5      | Reached XP level 8. HP: 26/60 MP: 8/8
  5365 | D:5      | Gained mutation: You are partially covered in iridescent scales (AC +4). [potion of mutation]
  5365 | D:5      | Gained mutation: Your natural rate of healing is unusually fast. [potion of mutation]
  5365 | D:5      | Gained mutation: You are agile. (Dex +2) [potion of mutation]
  5376 | D:5      | Gained mutation: Your spells are a little harder to cast, but a little more powerful. [potion of beneficial mutation]
  5450 | D:5      | Noticed trantor's ghost (experienced HEWr)
  5622 | D:6      | Found a snail-covered altar of Cheibriados.
  5740 | D:6      | Found a deep blue altar of Sif Muna.
  5778 | D:6      | Reached skill level 9 in Dodging
  5983 | D:6      | Reached skill level 5 in Fighting
  6351 | D:7      | Reached XP level 9. HP: 34/68 MP: 9/9
  6458 | D:7      | Reached skill level 10 in Polearms
  6704 | D:7      | Noticed a hill giant
  6721 | D:7      | Killed a hill giant
  6721 | D:7      | Reached skill level 10 in Dodging
  7002 | D:7      | Reached skill level 11 in Polearms
  7014 | D:7      | Found a large runed door.
  7014 | D:7      | Found a large runed door.
  7017 | D:7      | Found a large runed door.
  7017 | D:7      | Found a large runed door.
  7301 | D:7      | Found a staircase to the Ecumenical Temple.
  7310 | Temple   | Entered the Ecumenical Temple
  7347 | Temple   | Became a worshipper of Warmaster Okawaru
  8125 | D:8      | Found a shimmering altar of Xom.
  8248 | D:8      | Found a shimmering altar of Xom.
  8248 | D:8      | Found a shimmering altar of Xom.
  8253 | D:8      | Found a shimmering altar of Xom.
  8359 | D:8      | Acquired Okawaru's first power
  8359 | D:8      | Reached skill level 12 in Polearms
  8359 | D:8      | Reached XP level 10. HP: 63/77 MP: 10/10
  8808 | D:8      | Noticed Erolcha
  8844 | D:8      | Killed Erolcha
  9440 | D:9      | Noticed Maurice
  9458 | D:9      | Killed Maurice
  9536 | D:9      | Got a smoking robe
  9580 | D:8      | Identified the +2 robe of Cixeh {rPois Str+5 Dex-3} (You found it on level 9 of the Dungeon)
  9766 | D:8      | Reached skill level 5 in Stealth
  9942 | D:9      | Reached skill level 13 in Polearms
 10228 | D:9      | Found a blossoming altar of Fedhas.
 10751 | D:10     | Entered Level 10 of the Dungeon
 10763 | D:10     | Reached XP level 11. HP: 85/87 MP: 11/11
 11302 | D:10     | Received a gift from Okawaru
 11452 | D:10     | Noticed an orc knight
 11703 | D:10     | Killed an orc knight
 11793 | D:10     | Acquired Okawaru's second power
 11867 | D:10     | Noticed an orc knight
 11925 | D:10     | Killed an orc knight
 12128 | D:10     | Reached skill level 14 in Dodging
 12765 | D:10     | Found a staircase to the Lair.
 13100 | D:10     | Noticed a hill giant
 13165 | D:10     | Killed a hill giant
 13165 | D:10     | Reached skill level 15 in Dodging
 13165 | D:10     | Reached XP level 12. HP: 43/97 MP: 12/12
 13322 | D:10     | Reached skill level 10 in Fighting
 13334 | D:10     | Found a staircase to the Orcish Mines.
 13468 | D:10     | Learned a level 1 spell: Sting
 13669 | D:10     | Received a gift from Okawaru
 13969 | Lair:1   | Entered Level 1 of the Lair of Beasts
 14038 | Lair:1   | Noticed Harold
 14104 | Lair:1   | Killed Harold
 14104 | Lair:1   | Reached skill level 16 in Dodging
 14714 | Lair:1   | Noticed Erica
 14717 | Lair:1   | Noticed Nergalle
 14773 | Lair:1   | Killed Nergalle
 14827 | Lair:1   | Killed Erica
 15808 | Lair:2   | Reached skill level 17 in Dodging
 15817 | Lair:2   | Noticed a five-headed hydra
 16394 | Lair:2   | Noticed a four-headed hydra
 16409 | Lair:2   | Killed a one-headed hydra
 16409 | Lair:2   | Reached XP level 13. HP: 53/106 MP: 13/13
 17118 | Lair:2   | Killed a one-headed hydra
 17314 | Lair:3   | Received a gift from Okawaru
 17720 | Lair:3   | Found a hole to the Spider Nest.
 18005 | Lair:3   | Received a gift from Okawaru
 18015 | Lair:3   | Reached skill level 18 in Dodging
 18699 | Lair:4   | Received a gift from Okawaru
 19568 | Lair:5   | Found a staircase to the Shoals.
 19839 | Lair:5   | Reached XP level 14. HP: 115/118 MP: 13/15
 20877 | Lair:6   | Reached skill level 19 in Dodging
 20934 | Lair:6   | Found a staircase to the Slime Pits.
 21225 | Lair:6   | Found a dark tunnel.
 21336 | Volcano  | Entered a volcano
 22075 | Lair:7   | Noticed Rupert
 22407 | Orc:1    | Entered Level 1 of the Orcish Mines
 22455 | Orc:2    | Reached XP level 15. HP: 106/125 MP: 16/16
 22820 | Orc:1    | Found Digisyo's Antique Weapon Shoppe.
 23442 | Orc:3    | Received a gift from Okawaru
 23587 | Orc:3    | Found Naepe's Antique Weapon Shop.
 23742 | Orc:3    | Found Ledaiqeo's Food Shoppe.
 23746 | Orc:3    | Found a staircase to the Elven Halls.
 23945 | Orc:4    | Entered Level 4 of the Orcish Mines
 24086 | Orc:4    | Noticed Azrael
 24219 | Orc:4    | Noticed max's ghost (powerful MiBe)
 24455 | Orc:4    | Killed max's ghost
 24941 | Orc:3    | Found Homp's Food Shop.
 24943 | Orc:3    | Found a roughly hewn altar of Beogh.
 25329 | Orc:4    | Reached skill level 10 in Stealth
 25333 | Orc:4    | Found Zinu's General Store.
 25335 | Orc:4    | Found Wyefuuqal's Distillery.
 25336 | Orc:4    | Found Wimak's Magic Scroll Shoppe.
 25339 | Orc:4    | Found Astocas's Armour Emporium.
 25363 | Orc:4    | Reached skill level 15 in Polearms
 25780 | Orc:4    | Bought a scroll of torment for 105 gold pieces
 25878 | Orc:4    | Killed Azrael
 26174 | Elf:1    | Entered Level 1 of the Elven Halls
 26607 | Elf:1    | Found a frozen archway.
 26613 | IceCv    | Entered an ice cave
 27365 | IceCv    | Received a gift from Okawaru
 27751 | IceCv    | Noticed an Ice Fiend
 27755 | IceCv    | Reached skill level 20 in Dodging
 27871 | IceCv    | Killed an Ice Fiend
 27897 | IceCv    | Identified the Grimoire of Sinister Rites
 27911 | IceCv    | Identified a +2 pair of boots of running (You found it in an ice cave)
 28475 | Elf:1    | Reached skill level 15 in Fighting
 28633 | Elf:1    | Reached XP level 16. HP: 131/136 MP: 18/18
 28812 | Elf:1    | Received a gift from Okawaru
 28840 | Elf:1    | Got a transparent bardiche {god gift}
 28841 | Elf:1    | Identified the +9 bardiche "Zarat" {freeze, Dex+6} (Okawaru gifted it to you on level 1 of the Elven Halls)
 29126 | Shoals:1 | Entered Level 1 of the Shoals
 29994 | Shoals:2 | Received a gift from Okawaru
 30295 | Shoals:2 | Noticed Jorgrun
 30323 | Shoals:2 | Killed Jorgrun
 30327 | Shoals:2 | Received a gift from Okawaru
 30331 | Shoals:2 | Got a jewelled glaive {god gift}
 30332 | Shoals:2 | Identified the +5 glaive of Yxeho {drain, Int+2} (Okawaru gifted it to you on level 2 of the Shoals)
 31707 | Shoals:3 | Noticed chimenez's ghost (powerful GrFi)
 31794 | Shoals:3 | Killed chimenez's ghost
 31867 | Shoals:3 | Received a gift from Okawaru
 32704 | Shoals:3 | Found a glowing golden altar of the Shining One.
 32794 | Shoals:4 | Entered Level 4 of the Shoals
 32805 | Shoals:4 | Noticed Ilsuiw
 32816 | Shoals:4 | Killed Ilsuiw
 32816 | Shoals:4 | Reached XP level 17. HP: 142/142 MP: 17/19
 32888 | Shoals:4 | Received a gift from Okawaru
 32891 | Shoals:4 | Got a brightly glowing plate armour {god gift}
 33085 | Shoals:3 | Identified the +10 plate armour of Grace {+Inv Int+3 Stlth+} (Okawaru gifted it to you on level 4 of the Shoals)
 33681 | Shoals:4 | Found Temn's Armour Shop.
 33739 | Shoals:4 | Got a barnacled rune of Zot
 34296 | Shoals:4 | Reached skill level 21 in Polearms
 34555 | Shoals:4 | Got a heavily runed platinum ring
 34557 | Shoals:4 | Identified the ring "Axustour" {+Fly rC+ MR+ Str+4 Dex-3} (You found it on level 4 of the Shoals)
 35088 | Lair:7   | Killed Rupert
 35088 | Lair:7   | Received a gift from Okawaru
 35249 | Lair:7   | Noticed Monkaria's ghost (powerful FeBe)
 35264 | Lair:7   | Killed Monkaria's ghost
 35816 | Lair:7   | Reached skill level 22 in Polearms
 35835 | Lair:8   | Entered Level 8 of the Lair of Beasts
 35845 | Lair:8   | Reached skill level 5 in Armour
 36518 | Lair:8   | Reached skill level 1 in Long Blades
 36518 | Lair:8   | Reached XP level 18. HP: 151/151 MP: 20/20
 36670 | Lair:8   | Got a scorched ring mail
 36683 | Lair:8   | Identified the cursed +1 ring mail of the Original Sin {Str+5} (You found it on level 8 of the Lair of Beasts)
 36845 | Lair:8   | Received a gift from Okawaru
 37301 | Spider:1 | Entered Level 1 of the Spider Nest
 37386 | Spider:1 | Reached skill level 23 in Polearms
 38272 | Spider:2 | Noticed Norris
 38286 | Spider:2 | Killed Norris
 38308 | Spider:2 | Noticed Arachne
 38323 | Spider:2 | Noticed Donald
 38328 | Spider:2 | Killed Arachne
 38333 | Spider:2 | Noticed Nikola
 38337 | Spider:2 | Killed Donald
 38343 | Spider:2 | Killed Nikola
 38343 | Spider:2 | Received a gift from Okawaru
 38392 | Spider:2 | Identified a +1 pair of boots of running (Okawaru gifted it to you on level 2 of the Spider Nest)
 38787 | Spider:2 | Reached skill level 24 in Polearms
 38997 | Spider:3 | Noticed Agnes
 39656 | Spider:3 | Killed Agnes
 39943 | Spider:3 | Received a gift from Okawaru
 39953 | Spider:3 | Reached XP level 19. HP: 145/161 MP: 21/21
 39957 | Spider:3 | Got a pair of ancient boots {god gift}
 39963 | Spider:3 | Found a roughly hewn altar of Beogh.
 39982 | Spider:3 | Identified the +0 pair of boots of Free Will {rC+ Str+3 Dex+4} (Okawaru gifted it to you on level 3 of the Spider Nest)
 40016 | Spider:3 | Got a warped trident
 40017 | Spider:3 | Identified the +11 trident of Haphufoz {pierce, Str+3} (You found it on level 3 of the Spider Nest)
 40067 | Spider:4 | Entered Level 4 of the Spider Nest
 40238 | Spider:4 | Got a heavily runed chain mail
 40249 | Spider:4 | Identified the +5 chain mail of Death's Door {rN+ Int+2} (You found it on level 4 of the Spider Nest)
 40638 | Spider:4 | Reached skill level 25 in Polearms
 41138 | Spider:4 | Received a gift from Okawaru
 41636 | Spider:4 | Got a gossamer rune of Zot
 42181 | D:11     | Noticed Fannar
 42193 | D:11     | Killed Fannar
 42824 | D:12     | You fall through a shaft!
 42903 | D:13     | Noticed runewalsh's ghost (powerful OpTm)
 42920 | D:13     | Killed runewalsh's ghost
 42960 | D:13     | Noticed Nessos
 42978 | D:13     | Killed Nessos
 43705 | D:14     | Reached skill level 26 in Polearms
 43772 | D:14     | Found a gate to the Vaults.
 43830 | D:14     | Received a gift from Okawaru
 44166 | D:14     | Received a gift from Okawaru
 44309 | D:14     | Found Viakkep's Weapon Shoppe.
 44372 | D:15     | Entered Level 15 of the Dungeon
 44399 | D:15     | Got a transparent silver ring
 44415 | D:15     | Identified the ring "Jiwost" {rC+ MR+ Slay+3} (You found it on level 15 of the Dungeon)
 44527 | D:15     | Found a shadowy altar of Dithmenos.
 44873 | D:15     | Reached XP level 20. HP: 167/170 MP: 22/22
 45002 | D:15     | Found a staircase to the Depths.
 45094 | D:15     | Found Saps's Weapon Shop.
 45279 | Vaults:1 | Entered Level 1 of the Vaults
 45296 | Vaults:1 | Received a gift from Okawaru
 45530 | Vaults:1 | Got a crude leather armour
 45535 | Vaults:1 | Received a gift from Okawaru
 45548 | Vaults:1 | Identified the +3 leather armour of the Tundras {rC+ Slay-4 Stlth+} (You found it on level 1 of the Vaults)
 46050 | Vaults:1 | Received a gift from Okawaru
 46098 | Vaults:1 | Got a transparent glaive {god gift}
 46099 | Vaults:1 | Identified the +9 glaive of the Twelve Wishes {pain, +Rage rC- rN+} (Okawaru gifted it to you on level 1 of the Vaults)
 46977 | Vaults:2 | Noticed Mara
 46985 | Vaults:2 | Killed Mara
 46989 | Vaults:2 | Killed Mara
 46989 | Vaults:2 | Received a gift from Okawaru
 46993 | Vaults:2 | Got a transparent halberd {god gift}
 46994 | Vaults:2 | Identified the +4 halberd "Gaso" {chop, rC- rN+ MR+ SInv} (Okawaru gifted it to you on level 2 of the Vaults)
 47371 | Vaults:2 | Reached skill level 27 in Polearms
 47664 | Vaults:2 | Received a gift from Okawaru
 48210 | Vaults:2 | Reached XP level 21. HP: 127/181 MP: 23/23
 48307 | Vaults:2 | Received a gift from Okawaru
 48549 | Vaults:2 | Received a gift from Okawaru
 48564 | Vaults:2 | Got a fine hat {god gift}
 48575 | Vaults:2 | Identified the -5 hat "Ynneatudgh" {-Tele rC+ MR+} (Okawaru gifted it to you on level 2 of the Vaults)
 49783 | Vaults:3 | Gained mutation: You have sharp fingernails. [potion of beneficial mutation]
 50123 | Vaults:3 | Received a gift from Okawaru
 50151 | Vaults:3 | Found a staircase to the Crypt.
 50151 | Vaults:3 | Found a basalt altar of Yredelemnul.
 50152 | Vaults:3 | Found an ancient bone altar of Kikubaaqudgha.
 50915 | Crypt:1  | Entered Level 1 of the Crypt
 51143 | Vaults:4 | Reached XP level 22. HP: 151/194 MP: 24/24
 51414 | Vaults:4 | Identified the Incunabulum of Unholy Secrets
 51613 | Vaults:4 | Got a twisted plate armour
 51614 | Vaults:4 | Identified the +2 plate armour of Slovenliness {Str+2 Int+5 Dex+2} (You found it on level 4 of the Vaults)
 51785 | Vaults:4 | Noticed Xtahua
 51790 | Vaults:4 | Killed Xtahua
 51790 | Vaults:4 | Received a gift from Okawaru
 51884 | Vaults:4 | Found Pafuniyhis's Assorted Antiques.
 51890 | Vaults:4 | Bought a slimy marble ring for 190 gold pieces
 51891 | Vaults:4 | Identified the ring "Yklav" {rPois rC+ rN+ MR+ Dex+6} (You bought it in a shop on level 4 of the Vaults)
 52043 | Vaults:4 | Noticed Wiglaf
 52049 | Vaults:4 | Killed Wiglaf
 52269 | Vaults:5 | Entered Level 5 of the Vaults
 52309 | Vaults:4 | Received a gift from Okawaru
 52313 | Vaults:4 | Reached skill level 10 in Armour
 52674 | Vaults:5 | Received a gift from Okawaru
 52690 | Vaults:5 | Received a gift from Okawaru
 53388 | Elf:2    | Found a large runed door.
 53388 | Elf:2    | Found a large runed door.
 53416 | Elf:2    | Found a large runed door.
 53416 | Elf:2    | Found a large runed door.
 53630 | Elf:2    | Found Gaodyq's Jewellery Shoppe.
 54482 | Elf:3    | Entered Level 3 of the Elven Halls
 54509 | Elf:3    | Received a gift from Okawaru
 54523 | Elf:3    | Reached XP level 23. HP: 205/205 MP: 26/26
 54524 | Elf:3    | Received a gift from Okawaru
 55412 | Elf:3    | Got a coiled tin ring
 55439 | Elf:3    | Got a scintillating amethyst amulet
 55440 | Elf:3    | Identified the amulet of Kydyohad {+Rage rC+} (You found it on level 3 of the Elven Halls)
 55441 | Elf:3    | Identified the ring "Ciucyar" {SustAt rPois Int+2} (You found it on level 3 of the Elven Halls)
 55470 | Elf:3    | Identified the Reference Book on Combat Magic (You found it on level 3 of the Elven Halls)
 55758 | Elf:3    | Got a scorched ring mail
 55759 | Elf:3    | Identified the +3 ring mail of Okawaru's Reproof {rF+ Dex+3 SInv} (You found it on level 3 of the Elven Halls)
 55792 | Elf:3    | Got a spiked fire dragon armour
 55803 | Elf:3    | Identified the +8 fire dragon armour of Greed {rF++ rC- Dex+5} (You found it on level 3 of the Elven Halls)
 56909 | Crypt:1  | Received a gift from Okawaru
 57068 | Crypt:1  | Received a gift from Okawaru
 57672 | Crypt:2  | Received a gift from Okawaru
 58533 | Crypt:3  | Entered Level 3 of the Crypt
 59103 | Crypt:3  | Identified the Volume of Conjuration and the Birds (You found it on level 3 of the Crypt)
 59604 | Crypt:3  | Found a staircase to the Tomb.
 59849 | Crypt:3  | Noticed an ancient lich
 59864 | Crypt:3  | Killed an ancient lich
 59864 | Crypt:3  | Reached XP level 24. HP: 207/218 MP: 26/26
 59970 | Crypt:3  | Found an ancient bone altar of Kikubaaqudgha.
 59972 | Crypt:3  | Noticed an ancient lich
 59981 | Crypt:3  | Noticed an ancient lich
 60220 | Crypt:3  | Received a gift from Okawaru
 60319 | Crypt:3  | Killed an ancient lich
 60391 | Crypt:3  | Killed an ancient lich
 60816 | Crypt:3  | Received a gift from Okawaru
 60819 | Crypt:3  | Got a transparent steam dragon armour {god gift}
 60830 | Crypt:3  | Identified the +9 steam dragon armour of the Spheres {rElec rN+ Dex+4} (Okawaru gifted it to you on level 3 of the Crypt)
 60867 | Tomb:1   | Entered Level 1 of the Tomb of the Ancients
 60874 | Tomb:1   | Noticed Khufu
 60874 | Tomb:1   | Noticed a greater mummy
 60876 | Tomb:1   | Noticed a greater mummy
 61603 | Vaults:5 | Noticed an ancient lich
 61619 | Vaults:5 | Killed an ancient lich
 62177 | Vaults:5 | Got an encrusted trident
 62178 | Vaults:5 | Identified the +9 trident "Bujik" {speed, +Blink MP+9 Str+2 Int+3} (You found it on level 5 of the Vaults)
 62181 | Vaults:5 | Got a wavering turquoise ring
 62182 | Vaults:5 | Identified the ring "Zekkaik" {rF+ rN+ MR+ Stlth+} (You found it on level 5 of the Vaults)
 62492 | Vaults:5 | Got a faintly humming ice dragon armour
 62493 | Vaults:5 | Identified the +5 ice dragon armour "Qixkax" {rF- rC++ Int+2} (You found it on level 5 of the Vaults)
 62540 | Vaults:5 | Received a gift from Okawaru
 62598 | Vaults:5 | Got a silver rune of Zot
 62626 | Vaults:5 | Received a gift from Okawaru
 62730 | Vaults:5 | Got a pair of smoking gloves
 62736 | Vaults:5 | Identified the cursed +0 pair of gloves "Namuv Xyaxom" {*Corrode Dex+3 Slay+2 Stlth+} (You found it on level 5 of the Vaults)
 63002 | Vaults:5 | Reached XP level 25. HP: 201/228 MP: 26/26
 63006 | Vaults:5 | Received a gift from Okawaru
 63057 | Vaults:5 | Got a pair of twisted boots
 63068 | Vaults:5 | Identified the +2 pair of boots of Dyspraxia {+Fly rF- rN+ Int+4} (You found it on level 5 of the Vaults)
 63415 | Depths:1 | Entered Level 1 of the Depths
 63476 | Depths:1 | Found a one-way gate to the infinite horrors of the Abyss.
 63925 | Depths:1 | Lost mutation: Your natural rate of healing is unusually fast. [a shining eye]
 64050 | Depths:1 | Found a gateway to Hell.
 64709 | Depths:2 | Received a gift from Okawaru
 64742 | Depths:2 | Got a polished halberd {god gift}
 64743 | Depths:2 | Identified the +1 halberd "Cuth" {chop, rPois} (Okawaru gifted it to you on level 2 of the Depths)
 65248 | Depths:2 | Received a gift from Okawaru
 66170 | Depths:3 | Got a pitted chain mail
 66171 | Depths:3 | Identified the cursed +1 chain mail of the Sky {rF++ SInv} (You found it on level 3 of the Depths)
 66576 | Depths:3 | Noticed Sojobo
 66585 | Depths:3 | Killed Sojobo
 66585 | Depths:3 | Reached XP level 26. HP: 238/238 MP: 26/26
 66808 | Depths:3 | Found a one-way gate leading to the halls of Pandemonium.
 66979 | Depths:3 | Received a gift from Okawaru
 67465 | Depths:4 | Received a gift from Okawaru
 67801 | Depths:4 | Got a pair of dazzling boots
 67812 | Depths:4 | Identified the +1 pair of boots "Veifuq" {+Fly MP+9 Dex-4 Slay+3} (You found it on level 4 of the Depths)
 67866 | Depths:4 | Found a gateway to a ziggurat.
 67903 | Depths:4 | Found Bariteir's Distillery.
 67906 | Depths:4 | Bought a potion of heal wounds for 100 gold pieces
 68475 | Depths:4 | Reached skill level 27 in Dodging
 68763 | Depths:5 | Entered Level 5 of the Depths
 68780 | Depths:4 | Received a gift from Okawaru
 68951 | Depths:5 | Reached skill level 27 in Fighting
 69284 | Depths:5 | Got a crude ring mail
 69285 | Depths:5 | Identified the +5 ring mail of Kooteoda {MR+++ Int+3} (You found it on level 5 of the Depths)
 69403 | Depths:5 | Found a glowing golden altar of the Shining One.
 69447 | Depths:5 | Received a gift from Okawaru
 69701 | Depths:5 | Reached skill level 15 in Stealth
 69706 | Depths:5 | Found a gate to the Realm of Zot.
 70273 | Zot:1    | Entered Level 1 of the Realm of Zot
 70305 | Zot:1    | Reached XP level 27. HP: 202/249 MP: 26/26
 70833 | Elf:2    | Bought an uncursed amulet of resist mutation for 680 gold pieces
 70836 | Elf:2    | Upgraded the game from 0.17-a0-1716-gdf19ebb to 0.17-a0-1718-g72dbe4d
 71182 | Vaults:1 | Received a gift from Okawaru
 71611 | Tomb:1   | Killed a greater mummy
 71611 | Tomb:1   | Received a gift from Okawaru
 71621 | Crypt:3  | Killed a greater mummy
 71845 | Tomb:1   | Killed Khufu
 72594 | Tomb:1   | Reached skill level 5 in Invocations
 72892 | Tomb:1   | Noticed a greater mummy
 72897 | Tomb:1   | Killed a greater mummy
 73036 | Tomb:1   | Reached skill level 15 in Armour
 73049 | Tomb:1   | Got a twisted chain mail
 73050 | Tomb:1   | Identified the +0 chain mail "Kourihu" {*Drain +Blink rF- SInv} (You found it on level 1 of the Tomb of the Ancients)
 74026 | Tomb:1   | Received a gift from Okawaru
 74373 | Tomb:2   | Noticed Frederick
 74380 | Tomb:1   | Reached skill level 1 in Poison Magic
 74408 | Tomb:2   | Received a gift from Okawaru
 74454 | Tomb:2   | Killed Frederick
 74705 | Tomb:2   | Got a slimy helmet
 74706 | Tomb:2   | Identified the +0 helmet of Ashenzari's Reproof {rCorr} (You found it on level 2 of the Tomb of the Ancients)
 74812 | Tomb:1   | Noticed a greater mummy
 74812 | Tomb:1   | Noticed a greater mummy
 74815 | Tomb:1   | Noticed a greater mummy
 74834 | Tomb:2   | Killed a greater mummy
 75918 | Slime:1  | Entered Level 1 of the Pits of Slime
 75925 | Slime:1  | Reached skill level 1 in Conjurations
 76074 | Slime:2  | Reached skill level 1 in Spellcasting
 77537 | Slime:5  | Gained mutation: Your spells are harder to cast, but more powerful. [a shining eye]
 77791 | Slime:4  | Received a gift from Okawaru
 78174 | Slime:6  | Entered Level 6 of the Pits of Slime
 78355 | Slime:6  | Noticed the royal jelly
 78503 | Slime:6  | Received a gift from Okawaru
 78739 | Slime:5  | Received a gift from Okawaru
 78874 | Slime:6  | Found a viscous altar of Jiyva.
 79277 | Slime:6  | Killed the royal jelly
 80162 | Slime:6  | Got a warped bone ring
 80183 | Slime:6  | Got a faintly glowing chain mail
 80184 | Slime:6  | Identified the +7 chain mail of Free Will {rF- rC+ rN+} (You found it on level 6 of the Pits of Slime)
 80186 | Slime:6  | Identified the ring "Cioz" {MP-9 Int+3 Dex+8 SInv Stlth+} (You found it on level 6 of the Pits of Slime)
 80208 | Slime:6  | Got a slimy rune of Zot
 81066 | Zig:1    | Entered Level 1 of a ziggurat
 81084 | Zig:2    | Entered Level 2 of a ziggurat
 81105 | Zig:3    | Entered Level 3 of a ziggurat
 81147 | Zig:4    | Entered Level 4 of a ziggurat
 81276 | Zig:5    | Entered Level 5 of a ziggurat
 81311 | Zig:5    | Got a fine scale mail
 81316 | Zig:5    | Got a dazzling trident
 81321 | Zig:5    | Got a heavily runed leather armour
 81328 | Zig:5    | Identified the +11 trident of the Heart {distort, +Inv MR+ Int-2} (You found it on level 5 of a ziggurat)
 81329 | Zig:5    | Identified the +5 scale mail "Kiebrob" {Int+3} (You found it on level 5 of a ziggurat)
 81330 | Zig:5    | Identified the +1 leather armour of the Rose {rCorr} (You found it on level 5 of a ziggurat)
 81339 | Zig:6    | Entered Level 6 of a ziggurat
 81392 | Zig:6    | Identified a scroll of acquirement
 81395 | Zig:6    | Got a smelly plate armour
 81400 | Zig:6    | Reached skill level 5 in Evocations
 81410 | Zig:6    | Identified the cursed +0 plate armour of Virtue {+Blink rC- rCorr} (You found it on level 6 of a ziggurat)
 81496 | Zig:7    | Entered Level 7 of a ziggurat
 81556 | Zig:7    | Identified Sif Muna's Grimoire of Lucky Dislocation
 81690 | Zig:8    | Entered Level 8 of a ziggurat
 81751 | Zig:8    | Identified the Papyrus of Flamy Combat Magic
 81860 | Zig:9    | Entered Level 9 of a ziggurat
 81911 | Zig:9    | Received a gift from Okawaru
 82089 | Zig:10   | Entered Level 10 of a ziggurat
 82107 | Zig:10   | Noticed Wagh the pandemonium lord
 82132 | Zig:10   | Killed Wagh the pandemonium lord
 82177 | Zig:10   | Got a translucent demon trident
 82178 | Zig:10   | Identified the +4 demon trident of Attainder {drain, rN+ Stlth+} (You found it on level 10 of a ziggurat)
 82253 | Zig:10   | Identified the Catalogue of Attacks and Weightlessness
 82382 | Zig:11   | Entered Level 11 of a ziggurat
 82454 | Zig:11   | Got a dazzling trident
 82455 | Zig:11   | Identified the +11 trident of the Onslaught {venom, *Confuse rPois rF+} (You found it on level 11 of a ziggurat)
 82597 | Zig:12   | Entered Level 12 of a ziggurat
 82700 | Zig:12   | HP: 11/249 [shadow imp (4)]
 83119 | Zig:13   | Entered Level 13 of a ziggurat
 83217 | Zig:13   | Got a pair of dazzling gloves
 83220 | Zig:13   | Identified Rod Nosh's Incunabulum of Blistering Enhancements
 83227 | Zig:13   | Got a brightly glowing platinum ring
 83560 | Zig:13   | Identified the ring of Votiria {Fire rN+ Int+3} (You found it on level 13 of a ziggurat)
 83561 | Zig:13   | Identified the +1 pair of gloves "Yhesohoi" {*Contam rCorr MP+9 Stlth+} (You found it on level 13 of a ziggurat)
 83576 | Zig:14   | Entered Level 14 of a ziggurat
 83647 | Zig:14   | HP: 16/373 [lich/crystal spear (14)]
 83648 | Zig:14   | Slain by a vampire knight

Vault maps used:
D:1:      dpeg_arrival_rooms_with_view
D:2:      evilmike_ruin_ashenzari, lightli_temple_of_fire, lemuel_doored_altar,
          roderic_serpentine_path
D:3:      tso_oasis_becter, overflow_temple_1_default, portal_sewer_entry_f,
          serial_corexii_hall, corexii_hall_statues_i, corexii_hall_statues_i,
          ecumenical_altar_2, uniq_jessica
D:4:      nicolae_overflow_crystal_walls, grunt_temple_overflow_diamond,
          lemuel_tele_altar, uniq_edmund
D:5:      first_bread, grunt_ministairs_6
D:6:      overflow_temple_1_default, old_standard_altar
D:7:      minmay_temple_entry_butterflies, grunt_ogre_cave,
          minmay_hollow_rounded_squares
D:8:      xom_redecorated, uniq_erolcha
D:9:      fedhas_altar_decomposition, uniq_maurice
D:10:     lemuel_castle_with_subvaults, dpeg_oklobed_lair, david_orc_4,
          minivault_14
D:11:     uniq_fannar
D:12:     basic_altar
D:13:     uniq_nessos
D:14:     david_vaults_1, serial_shops, kennysheep_mini_moat,
          serial_bayou_pond_b
D:15:     gammafunk_enter_depths_forms, serial_shops, nicolae_shop_waterfront,
          nicolae_dithmenos_shadow_blocks
Temple:   temple_island_7
Lair:1:   uniq_erica, uniq_nergalle, uniq_harold
Lair:2:   cheibrodos_lair_reptile_den
Lair:3:   nicolae_spider_entry_orb_guardian
Lair:4:   infiniplex_staircase_pool
Lair:5:   minmay_shoals_entry_centaurs, columned_hall_lemuel,
          serial_bayou_shore_a, serial_bayou_shore_b, lemuel_fruit_tree,
          infiniplex_staircase_pool_2
Lair:6:   minmay_slime_entry_pillars, enter_volcano_3
Lair:7:   serial_bayou_shore_b, lemuel_fruit_fields, uniq_rupert
Lair:8:   minmay_lair_end_enchanted_forest, grunt_megastairs_3
Shoals:2: nicolae_shoals_loop_pool, uniq_jorgrun
Shoals:3: lemuel_centaur_altar
Shoals:4: serial_shops, nicolae_shop_trees, shoals_end_simple,
          shoals_ilsuiw_alternative
Spider:2: uniq_arachne, uniq_donald, uniq_nikola, uniq_norris
Spider:3: nicolae_spider_mines_2, uniq_agnes
Spider:4: grunt_spider_rune_parallel, minmay_another_anthill
Slime:3:  cheibrodos_slime_lost_civilization_2
Slime:5:  cheibrodos_slime_lost_civilization_7
Orc:1:    serial_shops, nicolae_shop_trees
Orc:3:    serial_shops, shop, nicolae_shop_stone, shop, basic_altar,
          nicolae_orc_pool_cavern
Orc:4:    st_orc_open, uniq_azrael
Elf:1:    eino_elf_arrival_customs, portal_ice_cave_entry_horrid_things,
          hangedman_corner_corridor, minivault_26
Elf:2:    serial_shops, shop, nicolae_elf_stone_circles
Elf:3:    grunt_elf_hall_diamonds
Vaults:1: hangedman_vaults_pinch, nicolae_vaults_what_the_h, v_misc_31,
          nicolae_vaults_three_branches, ontoclasm_vaults_tryst,
          hangedman_vaults_stream, nicolae_vaults_halls_meeting,
          vaults_room_pools, nicolae_vaults_yaktaur_gun_rack,
          grunt_vaults_hallway_short, grunt_vaults_hallway_short
Vaults:2: v_misc_3, ontoclasm_vaults_spin, serial_ice_h, vaults_dpeg_doors,
          hangedman_vaults_nodes, grunt_vaults_focal, v_misc_10,
          ontoclasm_vaults_gateway, v_misc_16, v_alt_pattern_5, v_alt_pattern_3,
          ontoclasm_vaults_ring_large, ontoclasm_vaults_chip,
          ontoclasm_vaults_ligature, nicolae_vaults_little_squares_1,
          nicolae_vaults_rhombus_6, uniq_mara
Vaults:3: st_squares, v_misc_27, nicolae_vaults_big_ls,
          minmay_crypt_entry_necro_gods,
          vaults_standard_mumra_enter_the_diamond, vaults_dpeg_diagonal,
          vaults_room_corners
Vaults:4: v_misc_33, nicolae_vaults_hallways_thing, vaults_mumra_chevron,
          v_misc_5, ontoclasm_vaults_ring_square,
          nicolae_vaults_little_squares_5, nicolae_vaults_theta,
          ontoclasm_vaults_decontamination, vaults_room_fours,
          ontoclasm_vaults_idyll, serial_shops, shop, uniq_wiglaf, uniq_xtahua
Crypt:1:  minivault_14, minmay_strange_pillars, grunt_crypt_arrival_guarded_gate
Crypt:2:  hex_tiny
Crypt:3:  quadcrypt_mu
Tomb:1:   uniq_khufu
Tomb:2:   uniq_frederick
Depths:1: abyss_entry, hangedman_geh_valley, serial_sigils,
          serial_sigils_hangedman_clutch, serial_sigils_hangedman_quiver,
          serial_sigils_hangedman_gnaw, serial_sigils_hangedman_shear,
          serial_sigils_hangedman_scratch, serial_sigils_hangedman_snap,
          serial_bayou_lagoon_a, kennysheep_generic_room_8
Depths:2: minmay_triangles_in_corner, roderic_lattice_octagonal_star, hell_entry
Depths:3: hangedman_crystal_crosses_colossus, abyss_entry, pan_entry,
          hell_entry, uniq_sojobo
Depths:4: kennysheep_cluttered_fort, enter_ziggurat_b, serial_shops,
          kennysheep_mini, lightli_too_deep, hangedman_decor_opposing,
          hangedman_abyss_entry_splay, lightli_fourway_metalbox,
          infiniplex_staircase_zigzag_1
Depths:5: grunt_zot_entry_alcove, tso_metal_star, pf_coc_iceberg,
          hangedman_decor_slide_cut, serial_bayou_shore_b
Zig:9:    ziggurat_pillar_centre_oklobs
Sewer:    sewer_co_purgy_island
IceCv:    ice_cave_caverns_01
Volcano:  volcano_tomb

Action                   |  1- 3 |  4- 6 |  7- 9 | 10-12 | 13-15 | 16-18 | 19-21 | 22-24 | 25-27 || total
-------------------------+-------+-------+-------+-------+-------+-------+-------+-------+-------++-------
Melee: Trident           |   116 |   205 |   510 |   382 |       |       |       |       |       ||  1213
       Spear             |       |       |       |  1396 |  1033 |       |       |       |       ||  2429
       Scimitar          |       |       |       |     9 |    32 |    25 |       |       |       ||    66
       Glaive            |       |       |       |       |   824 |    14 |       |   716 |    32 ||  1586
       Bardiche          |       |       |       |       |       |  1293 |  1670 |   782 |  2791 ||  6536
Throw: Javelin           |     5 |    16 |    39 |    21 |     6 |       |       |       |       ||    87
       Throwing net      |       |       |     1 |    18 |       |       |       |       |       ||    19
       Tomahawk          |       |       |       |       |    10 |       |       |       |       ||    10
Invok: Heroism           |       |       |       |       |     9 |     4 |     2 |     6 |    16 ||    37
 Abil: Evoke Invisibilit |       |       |       |       |       |     2 |       |       |       ||     2
Evoke: Wand              |       |       |       |     4 |     2 |       |     1 |       |    10 ||    17
       Phantom mirror    |       |       |       |       |       |       |       |       |     2 ||     2
  Use: Potion            |       |       |     6 |       |     1 |    11 |     4 |     7 |    18 ||    47
       Scroll            |       |       |    22 |     1 |    10 |    11 |     3 |    14 |    23 ||    84
 Stab: Sleeping          |     1 |     4 |     8 |    14 |    37 |    27 |    17 |    33 |    48 ||   189
       Invisible         |       |       |     2 |       |       |     6 |       |       |    65 ||    73
       Distracted        |       |       |     2 |     1 |     6 |     5 |     3 |    15 |    33 ||    65
       Held in net/web   |       |       |       |    24 |       |       |     1 |     1 |       ||    26
       Paralysed         |       |       |       |       |     1 |       |       |       |       ||     1
       Petrified         |       |       |       |       |       |     1 |       |       |       ||     1
       Confused          |       |       |       |       |       |       |       |       |     2 ||     2
  Eat: Chunk             |     1 |     7 |    14 |    26 |    33 |    36 |    21 |    17 |    23 ||   178
       Beef jerky        |       |       |     2 |     2 |     4 |       |     2 |     3 |     3 ||    16
       Pizza             |       |       |       |       |     3 |       |     2 |       |     2 ||     7
       Meat ration       |       |       |       |       |       |       |     2 |       |     2 ||     4
       Fruit             |       |       |       |       |       |       |     1 |       |     8 ||     9
       Bread ration      |       |       |       |       |       |       |       |     4 |     3 ||     7
       Royal jelly       |       |       |       |       |       |       |       |       |     7 ||     7
